 Dungeon Crawl Stone Soup version 0.18.1-48-g4cf74bf (webtiles) character file.

70 Inkary the Chopper (level 4, -6/35 HPs)
             Began as a Formicid Fighter on Sept 9, 2016.
             Mangled by a gnoll
             ... wielding a +2 halberd of chopping
              (9 damage)
             ... on level 2 of the Dungeon.
             The game lasted 00:02:09 (1217 turns).

Inkary the Chopper (Formicid Fighter)               Turns: 1217, Time: 00:02:10

Health: -6/35      AC:  8    Str: 21    XL:     4   Next: 45%
Magic:  4/4        EV:  7    Int:  7    God:
Gold:   155        SH:  9    Dex: 11    Spells: 0 memorised, 3 levels left

rFire  . . .     SeeInvis +     a - +0 war axe
rCold  . . .     Gourm    .     b - +0 scale mail
rNeg   . . .     Faith    .     c - +0 shield
rPois  .         Spirit   .     (helmet unavailable)
rElec  .         Dismiss  .     k - +0 cloak
rCorr  .         Reflect  .     (no gloves)
SustAt .         Harm     .     (no boots)
MR     .....                    (no amulet)
Stlth  ..........               (no ring)
                                (no ring)

@: drained, not resistant to hostile enchantments, extremely unstealthy
A: permanent stasis, dig shafts and tunnels, four strong arms, antennae 3
a: Dig, Shaft Self


You were on level 2 of the Dungeon.
You were not hungry.

You visited 1 branch of the dungeon, and saw 2 of its levels.

You collected 155 gold pieces.

Inventory:

Hand Weapons
 a - a +0 war axe (weapon)
Missiles
 j - a throwing net (quivered)
Armour
 b - a +0 scale mail (worn)
 c - a +0 shield (worn)
 k - a +0 cloak (worn)
Jewellery
 q - an uncursed ring of protection from fire {unknown}
Scrolls
 e - a scroll of noise {unknown}
 h - a scroll of enchant armour {unknown}
 i - 2 scrolls of teleportation {unknown}
 m - 2 scrolls of enchant weapon {unknown}
 p - a scroll of identify {unknown}
Potions
 d - a potion of might
 g - 3 potions of curing {unknown}
 n - a potion of lignification {unknown}
 r - a potion of berserk rage {unknown}
 s - a potion of agility {unknown}
Comestibles
 f - 2 bread rations
 l - 3 fruits
 o - a meat ration


   Skills:
 - Level 3.2 Fighting
 + Level 4.3(4.2) Axes
 - Level 3.2 Armour
 - Level 3.6(3.5) Shields


You had 3 spell levels left.
You didn't know any spells.

Dungeon Overview and Level Annotations

Branches:
Dungeon (2/15)

Altars:


Innate Abilities, Weirdness & Mutations

You are under a permanent stasis effect.
You can dig through walls and to a lower floor.
Your four strong arms can wield two-handed weapons with a shield.
You have a pair of large antennae on your head (SInv).


Message History

Things that are here:
a whip of draining; a club The gnoll hits you with a halberd of chopping!
You barely miss the gnoll.
The gnoll hits you with a halberd of chopping!
You hit the gnoll.
The gnoll is moderately wounded.
The gnoll hits you but does no damage.
You hit the gnoll.
The gnoll is heavily wounded.
The gnoll barely misses you.
You closely miss the gnoll.
The gnoll is heavily wounded.
The gnoll barely misses you.
You completely miss the gnoll.
The gnoll is heavily wounded.
The gnoll hits you with a halberd of chopping!
* * * LOW HITPOINT WARNING * * *
x2 The gnoll hits you with a halberd of chopping!
You die...

#.# #.########### #.#
#...........# ###### #.######
###########.#
#....####.##...########### #.##
#.##.#...................###.##
#.#.......###....#######.#.....
#.#..#.######................#.
#.#.........#.....#####..#.....
#.#.........).@g.............#.
#.#.........#.....#####.)#.....
#.####.###'##..................
#......# #.##...........##..###
##########.#######.####.##.....
#.......# #.# #.###....
#.####### #.####.# #####
#.######## #......# #....{...#
########


You could see a gnoll.

Vanquished Creatures
  2 gnolls
  An ooze (D:2)
  2 worms (D:2)
  A dart slug (D:1)
  2 giant geckos (D:2)
  A ball python (D:2)
  5 goblins
  6 hobgoblins
  2 jackals (D:2)
  4 kobolds
  4 bats (D:1)
  A giant newt (D:1)
  5 rats
36 creatures vanquished.

Notes
Turn   | Place    | Note
--------------------------------------------------------------
     0 | D:1      | Inkary the Formicid Fighter began the quest for the Orb.
     0 | D:1      | Reached XP level 1. HP: 18/18 MP: 1/1
    98 | D:1      | Reached XP level 2. HP: 20/24 MP: 2/2
   186 | D:1      | Reached skill level 3 in Axes
   551 | D:1      | Reached XP level 3. HP: 7/29 MP: 3/3
  1084 | D:2      | Reached skill level 4 in Axes
  1084 | D:2      | Reached XP level 4. HP: 34/35 MP: 4/4
  1217 | D:2      | Mangled by a gnoll

Skill      XL: |  1  2  3 |
---------------+----------+-----
Axes           | 3 4 |  4.3
Fighting       | |  3.2
Armour         | |  3.2
Shields        | |  3.6

Action                   |  1- 3 |  4- 6 || total
-------------------------+-------+-------++-------
Melee: War axe           |   103 |    31 ||   134
  Eat: Chunk             |     1 |       ||     1
Armor: Scale mail        |    48 |     6 ||    54
Dodge: Dodged            |    36 |    11 ||    47
Block: Shield            |    58 |    11 ||    69
